 Dungeon Crawl Stone Soup version 0.23.2-1-ga50397a (webtiles) character file.

Game seed: 5093714865451987991

273 MalarOregon the Ruffian (level 6, -5/52 HPs)
             Began as a Ghoul Gladiator on May 31, 2019.
             Slain by a crocodile (17 damage)
             ... in a sewer.
             The game lasted 00:04:37 (2612 turns).

MalarOregon the Ruffian (Ghoul Gladiator)           Turns: 2612, Time: 00:04:37

Health: -5/52      AC:  5    Str: 18    XL:     6   Next: 24%
Magic:  5/5        EV: 12    Int:  5    God:
Gold:   137        SH:  0    Dex: 10    Spells: 5/5 levels left

rFire    . . .     SeeInvis .     - Unarmed
rCold    + . .     Gourm    .   (no shield)
rNeg     + + +     Faith    .   a - +0 leather armour
rPois    ∞         Spirit   .   b - +0 helmet
rElec    .         Reflect  .   (no cloak)
rCorr    .         Harm     .   (no gloves)
MR       .....                  l - +0 pair of boots
Stlth    ++........             (no amulet)
HPRegen  0.00/turn              (no ring)
MPRegen  0.09/turn              (no ring)

@: rotting
A: rotting body, claws 1, carnivore, cold resistance 1, negative energy
resistance 3, inhibited regeneration, torment resistance, unbreathing
a: no special abilities


You were in a sewer.
You were not hungry.

You visited 1 branch of the dungeon, and saw 4 of its levels.
You also visited: Sewer.

You collected 137 gold pieces.

Inventory:

Missiles
 g - 3 throwing nets (quivered) {!f}
Armour
 a - a +0 leather armour (worn)
 b - a +0 helmet (worn)
 l - a +0 pair of boots (worn)
   (You found it on level 2 of the Dungeon)
Jewellery
 n - an uncursed ring of ice {unknown}
   (You found it on level 2 of the Dungeon)
Wands
 c - a wand of disintegration (12)
   (You found it on level 3 of the Dungeon)
Scrolls
 f - 6 scrolls of identify {unknown}
 h - a scroll of enchant weapon {unknown}
 i - 2 scrolls of remove curse {unknown}
 k - 2 scrolls of enchant armour {unknown}
 m - 3 scrolls of fear {unknown}
 s - a scroll of blinking {unknown}
 v - 2 scrolls of immolation {unknown}
 x - a scroll of teleportation {unknown}
Potions
 d - a potion of degeneration {unknown}
 j - a potion of curing {unknown}
 o - 2 potions of flight {unknown}
 p - a potion of agility {unknown}
 q - 2 potions of brilliance {unknown}
 t - 2 potions of heal wounds {unknown}
 u - a potion of mutation {unknown}
 w - a potion of magic {unknown}
Comestibles
 e - 7 rations {!d}
 r - a chunk of flesh


   Skills:
 + Level 3.9 Fighting
 - Level 1.7 Throwing
 - Level 2.6 Dodging
 + Level 3.3 Stealth
 * Level 5.7 Unarmed Combat


You had 5 spell levels left.
You didn't know any spells.
Your spell library contained the following spells:

 Spells                   Type           Power        Failure   Level  Hunger
 Magic Dart               Conj           #...         54%         1    ##.....
 Blink                    Tloc           N/A          67%         2    ###....
 Call Imp                 Summ           #.......     67%         2    ###....
 Slow                     Hex            #.......     67%         2    ###....
 Conjure Flame            Conj/Fire      #.......     88%         3    ####...
 Mephitic Cloud           Conj/Pois/Air  #.......     88%         3    ####...


Dungeon Overview and Level Annotations

Branches:
Dungeon (4/15)
 Temple: D:4-7

Altars:

Annotations:
D:3 Sigmund


Innate Abilities, Weirdness & Mutations

Your body is rotting away.
You thrive on raw meat.
You are immune to poison.
You have sharp fingernails.
You are carnivorous and can eat meat at any time.
Your flesh is cold resistant. (rC+)
You are immune to negative energy. (rN+++)
You do not regenerate when monsters are visible.
You are immune to unholy pain and torment.
You can survive without breathing.


Message History

Eat one of 13 chunks of flesh? (ye/n/q)
You eat one of the 13 chunks of flesh.
This raw flesh tastes great!
The crocodile closely misses you.
Eat one of 12 chunks of flesh? (ye/n/q)
You eat one of the 12 chunks of flesh.
This raw flesh tastes great!
The crocodile bites you!
* * * LOW HITPOINT WARNING * * *
Eat one of 11 chunks of flesh? (ye/n/q)
You eat one of the 11 chunks of flesh.
This raw flesh tastes great!
The crocodile bites you.
* * * LOW HITPOINT WARNING * * *
Eat one of 10 chunks of flesh? (ye/n/q)
You eat one of the 10 chunks of flesh.
This raw flesh tastes great!
The crocodile bites you.
* * * LOW HITPOINT WARNING * * *
Eat one of 9 chunks of flesh? (ye/n/q)
You eat one of the 9 chunks of flesh.
This raw flesh tastes great!
The crocodile bites you!
* * * LOW HITPOINT WARNING * * *
Eat one of 8 chunks of flesh? (ye/n/q)
You eat one of the 8 chunks of flesh.
This raw flesh tastes great!
The crocodile bites you.
* * * LOW HITPOINT WARNING * * *
Eat one of 7 chunks of flesh? (ye/n/q)
You eat one of the 7 chunks of flesh.
This raw flesh tastes great!
The crocodile bites you!
* * * LOW HITPOINT WARNING * * *
Eat one of 6 chunks of flesh? (ye/n/q)
You eat one of the 6 chunks of flesh.
This raw flesh tastes great!
The crocodile closely misses you.
Eat one of 5 chunks of flesh? (ye/n/q)
You eat one of the 5 chunks of flesh.
This raw flesh tastes great!
The crocodile barely misses you.
Eat one of 4 chunks of flesh? (ye/n/q)
You eat one of the 4 chunks of flesh.
This raw flesh tastes great!
The crocodile barely misses you.
You barely miss the crocodile. The crocodile barely misses you.
You scratch the crocodile. The crocodile bites you!
You closely miss the crocodile. The crocodile barely misses you.
You completely miss the crocodile. The crocodile barely misses you.
You claw the crocodile! The crocodile bites you!
* * * LOW HITPOINT WARNING * * *
Eat one of 3 chunks of flesh? (ye/n/q)
You eat one of the 3 chunks of flesh.
This raw flesh tastes great!
The crocodile bites you!
* * * LOW HITPOINT WARNING * * *
Eat one of 2 chunks of flesh? (ye/n/q)
You eat one of the 2 chunks of flesh.
This raw flesh tastes great!
The crocodile bites you!
You die...

######## ###......###
###.≈≈.≈.≈≈..### #
###.≈...####....≈##.(#
##....≈### ###.@t≈.#
≈..≈≈≈## ##....≈.#
##....≈# #...≈.###
###..≈.≈# ≈≈..≈##≈/
###...≈. .≈..### !?#
##.≈....## ## ######


You could see a crocodile.

Vanquished Creatures
  2 orc priests (D:4)
  A worker ant (D:3)
  Robin (D:2)
  5 adders
  A river rat (D:4)
  An ooze (D:3)
  3 worms
  3 dart slugs
  4 leopard geckos
  5 orcs
  7 bats
  3 giant cockroaches
  13 hobgoblins
  8 jackals
  A quokka (D:3)
  3 frilled lizards
  13 goblins
  15 kobolds
  8 rats
97 creatures vanquished.

Notes
Turn   | Place    | Note
-------+----------+-------------------------------------------
     0 | D:1      | MalarOregon the Ghoul Gladiator began the quest for the
                  | Orb.
     0 | D:1      | Reached XP level 1. HP: 17/17 MP: 0/0
   163 | D:1      | Reached XP level 2. HP: 22/25 MP: 1/1
   263 | D:1      | Reached skill level 1 in Stealth
   652 | D:2      | Reached skill level 4 in Unarmed Combat
   652 | D:2      | Reached XP level 3. HP: 27/30 MP: 2/2
   787 | D:2      | Noticed Robin
   813 | D:2      | Killed Robin
   843 | D:2      | Reached XP level 4. HP: 27/37 MP: 3/3
  1322 | D:3      | Reached XP level 5. HP: 21/44 MP: 4/4
  1331 | D:3      | Reached skill level 5 in Unarmed Combat
  1837 | D:3      | Found a faded altar of an unknown god.
  1858 | D:3      | Noticed Sigmund
  2430 | D:4      | Reached XP level 6. HP: 29/52 MP: 5/5
  2459 | D:4      | Found a glowing drain.
  2530 | Sewer    | Entered a sewer
  2612 | Sewer    | Slain by a crocodile

Skill      XL: |  1  2  3  4  5 |
---------------+----------------+-----
Stealth        | 1 2 3 |  3.3
Unarmed Combat | 4 5 |  5.7
Fighting       | 3 |  3.9
Throwing       | |  1.7
Dodging        | |  2.6

Action                   |  1- 3 |  4- 6 || total
-------------------------+-------+-------++-------
Melee: Unarmed           |   135 |   189 ||   324
       Punch             |     1 |     4 ||     5
 Stab: Sleeping          |     1 |     3 ||     4
  Eat: Chunk             |     6 |    22 ||    28
       Ration            |       |     1 ||     1
Armor: Leather armour    |    32 |    61 ||    93
Dodge: Dodged            |    68 |   154 ||   222
